 Dungeon Crawl Stone Soup version 0.29.1-12-g30fa7ad0bf (webtiles) character file.

Game seed: 15205051090681314575

177 booth the Ruffian (level 5, -6/41 HPs)
             Began as a Gnoll Wanderer on Jan 18, 2023.
             Mangled by Grinder (9 damage)
             ... on level 3 of the Dungeon.
             The game lasted 00:26:12 (2949 turns).

booth the Ruffian (Gnoll Wanderer)                  Turns: 2949, Time: 00:26:12

Health: -6/41      AC:  4    Str: 14    XL:     5   Next: 57%
Magic:  10/12      EV: 11    Int: 14    God:
Gold:   175        SH:  0    Dex:  8    Spells: 10/14 levels left

rFire   . . .      SeeInvis .   a - +1 mace (protect)
rCold   . . .      Faith    .   (no shield)
rNeg    . . .      Spirit   .   f - +0 robe
rPois   +          Reflect  .   (no helmet)
rElec   .          Harm     .   (no cloak)
rCorr   .          Rampage  .   g - +1 pair of gloves
Will    .....                   (no boots)
Stlth   +.........              (no amulet)
HPRegen 0.13/turn               u - ring of poison resistance
MPRegen 0.13/turn               (no ring)

@: about to teleport
A: fangs 1, strong nose, distributed training
a: no special abilities


You were on level 3 of the Dungeon.
You visited 1 branch of the dungeon, and saw 3 of its levels.

You collected 175 gold pieces.

Inventory:

Hand Weapons
 a - a +1 mace of protection (weapon)
 h - a +0 hand axe
 s - a +4 dagger
Missiles
 c - 9 poisoned darts (quivered)
 n - 5 javelins
Armour
 f - a +0 robe (worn)
 g - a +1 pair of gloves (worn)
 i - a +0 buckler
 o - a +0 leather armour
Jewellery
 m - an amulet of regeneration
 u - a ring of poison resistance (left hand)
Scrolls
 d - 2 scrolls of fear
 e - a scroll of teleportation
 k - 2 scrolls of identify
Potions
 b - a potion of brilliance
 j - 2 potions of attraction
 l - a potion of flight
 r - a potion of mutation


   Skills:
 + Level 3.0 Fighting
 + Level 1.6 Short Blades
 + Level 1.6 Long Blades
 + Level 1.6 Axes
 + Level 1.6 Maces & Flails
 + Level 1.6 Polearms
 + Level 1.6 Staves
 + Level 1.6 Ranged Weapons
 + Level 6.7 Throwing
 + Level 1.6 Armour
 + Level 1.6 Dodging
 + Level 1.6 Stealth
 + Level 1.6 Shields
 + Level 6.7 Unarmed Combat
 + Level 5.2 Spellcasting
 + Level 2.4 Conjurations
 + Level 1.3 Hexes
 + Level 1.3 Summonings
 + Level 1.3 Necromancy
 + Level 1.3 Translocations
 + Level 1.3 Transmutations
 + Level 1.3 Fire Magic
 + Level 1.3 Ice Magic
 + Level 1.3 Air Magic
 + Level 1.3 Earth Magic
 + Level 1.3 Poison Magic
 + Level 1.8 Invocations
 + Level 1.6 Evocations


You had 10 spell levels left.
You knew the following spells:

 Your Spells              Type           Power      Damage    Failure   Level
a - Magic Dart            Conj           40%        1d5       6%          1
b - Dazzling Flash        Conj/Hex       16%        N/A       24%         3

Your spell library contained the following spells:

 Spells                   Type           Power      Damage    Failure   Level


Dungeon Overview and Level Annotations

Branches:
Dungeon (3/15)

Altars:
Makhleb
Ru
Vehumet

Annotations:
D:3 Grinder


Innate Abilities, Weirdness & Mutations

You have very sharp teeth.
Your uncanny sense of smell can sniff out nearby items.
Your experience applies equally to all skills.


Message History

Press: ? - help, Shift-Dir - straight line, f/p - Grinder
Aim: Grinder (heavily wounded, 100% to hit)
The magic dart hits Grinder but does no damage.
Grinder is heavily wounded.
Grinder completely misses you.
You hit Grinder.
Your weapon exudes an aura of protection.
Grinder is severely wounded.
Grinder hits you but does no damage.
You closely miss Grinder. You bite Grinder, but do no damage.
Grinder is severely wounded.
Grinder hits you but does no damage.
You hit Grinder but do no damage. You bite Grinder, but do no damage.
Grinder is severely wounded.
Grinder gestures at you. Pain shoots through your body! Grinder hits you.
You hit Grinder.
Grinder is severely wounded.
Grinder closely misses you.
Your magical contamination has completely faded away.
You hit Grinder but do no damage. Your punch misses Grinder.
Grinder is severely wounded.
Grinder completely misses you.
You closely miss Grinder. Your bite misses Grinder.
Grinder is severely wounded.
Grinder hits you.
You writhe in agony.
Grinder gestures at you. You resist with significant effort.
You barely miss Grinder.
Grinder is severely wounded.
Grinder gestures at you. Pain shoots through your body!
* * * LOW HITPOINT WARNING * * *
You feel better. Grinder hits you.
* * * LOW HITPOINT WARNING * * *
You writhe in agony.
* * * LOW HITPOINT WARNING * * *
As you read the scroll of teleportation, it crumbles to dust.
You feel strangely unstable. Grinder hits you!
You die...

#.###.#
#.# #.#
#.....#
#.# #.#
#######
#.# #.#
#.# #.#
#.. #.# .#
∆ #.# ##
#.# . ∆
#.# ## #@#
#
########5#
#
...(5....#
##########
∆


You could see Grinder.

Vanquished Creatures
  A vampire bat (D:3)
  An adder (D:2)
  A worm (D:3)
  3 fire bats (D:3)
  2 spectral bats (D:3)
  12 bats
  3 bat skeletons (D:3)
  A bat zombie (D:3)
  3 endoplasms
  A giant cockroach (D:1)
  2 goblins
  7 hobgoblins
  4 jackals (D:1)
  2 quokkas (D:2)
  2 ball pythons
  A bat simulacrum (D:3)
  2 frilled lizards
  7 kobolds
  2 rats
57 creatures vanquished.

Notes
Turn   | Place    | Note
-------+----------+-------------------------------------------
     0 | D:1      | booth the Gnoll Wanderer began the quest for the Orb.
     0 | D:1      | booth set off with the following items: a +0 dagger, a
                  | potion of brilliance, 7 poisoned darts, a scroll of fear, a
                  | scroll of teleportation, a +0 robe; and the following spell
                  | memorised: Magic Dart; and the following spells available
                  | to memorise: Dazzling Flash.
     0 | D:1      | Reached XP level 1. HP: 17/17 MP: 6/6
   216 | D:1      | Found a faded altar of an unknown god.
   241 | D:1      | Reached XP level 2. HP: 20/23 MP: 7/7
   325 | D:1      | You fall into a shaft and drop 1 floor!
   363 | D:2      | Found a burning altar of Makhleb.
   938 | D:2      | Reached skill level 5 in Spellcasting
   938 | D:2      | Reached XP level 3. HP: 28/28 MP: 7/9
  1151 | D:2      | Reached skill level 1 in Invocations
  1960 | D:2      | Learned a level 3 spell: Dazzling Flash
  2099 | D:3      | Reached skill level 1 in Short Blades
  2099 | D:3      | Reached skill level 1 in Long Blades
  2099 | D:3      | Reached skill level 1 in Axes
  2099 | D:3      | Reached skill level 1 in Maces & Flails
  2099 | D:3      | Reached skill level 1 in Polearms
  2099 | D:3      | Reached skill level 1 in Staves
  2099 | D:3      | Reached skill level 1 in Ranged Weapons
  2099 | D:3      | Reached skill level 1 in Armour
  2099 | D:3      | Reached skill level 1 in Dodging
  2099 | D:3      | Reached skill level 1 in Stealth
  2099 | D:3      | Reached skill level 1 in Shields
  2099 | D:3      | Reached skill level 1 in Evocations
  2107 | D:3      | Reached XP level 4. HP: 34/34 MP: 6/11
  2140 | D:3      | Reached skill level 1 in Hexes
  2140 | D:3      | Reached skill level 1 in Summonings
  2140 | D:3      | Reached skill level 1 in Necromancy
  2140 | D:3      | Reached skill level 1 in Translocations
  2140 | D:3      | Reached skill level 1 in Transmutations
  2140 | D:3      | Reached skill level 1 in Fire Magic
  2140 | D:3      | Reached skill level 1 in Ice Magic
  2140 | D:3      | Reached skill level 1 in Air Magic
  2140 | D:3      | Reached skill level 1 in Earth Magic
  2140 | D:3      | Reached skill level 1 in Poison Magic
  2286 | D:3      | Reached XP level 5. HP: 35/40 MP: 12/12
  2619 | D:3      | Found a sacrificial altar of Ru.
  2653 | D:3      | Found a radiant altar of Vehumet.
  2921 | D:3      | Noticed Grinder
  2947 | D:3      | HP: 2/41 [Grinder/nerve-wracking pain (13)]
  2949 | D:3      | Mangled by Grinder

Illustrated notes

Levels and vault maps discovered:
D:1:      eino_arrival_water_cross, layout_rooms, serial_curves, eino_curves_04,
          eino_curves_01, eino_curves_04, eino_curves_01,
          hellmonk_ecumenical_altar_lost_god
D:2:      layout_basic, basic_altar, nicolae_elevator_lobby_asterisk
D:3:      layout_basic, mainiacjoe_overflow_large_starburst,
          minmay_misc_feat_tiny, goddamned_bats, uniq_grinder

Skill      XL: |  1  2  3  4  5 |
---------------+----------------+-----
Conjurations   | 2 |  2.4
Spellcasting   | 5 |  5.2
Invocations    | 1 |  1.8
Short Blades   | 1 |  1.6
Long Blades    | 1 |  1.6
Axes           | 1 |  1.6
Maces & Flails | 1 |  1.6
Polearms       | 1 |  1.6
Staves         | 1 |  1.6
Ranged Weapons | 1 |  1.6
Armour         | 1 |  1.6
Dodging        | 1 |  1.6
Stealth        | 1 |  1.6
Shields        | 1 |  1.6
Evocations     | 1 |  1.6
Hexes          | 1 |  1.3
Summonings     | 1 |  1.3
Necromancy     | 1 |  1.3
Translocations | 1 |  1.3
Transmutations | 1 |  1.3
Fire Magic     | 1 |  1.3
Ice Magic      | 1 |  1.3
Air Magic      | 1 |  1.3
Earth Magic    | 1 |  1.3
Poison Magic   | 1 |  1.3
Fighting       | 3 |  3.0
Throwing       | |  6.7
Unarmed Combat | |  6.7

Action                   |  1- 3 |  4- 6 || total
-------------------------+-------+-------++-------
Melee: Unarmed           |    70 |     1 ||    71
       Hand axe          |     9 |       ||     9
       Bite              |     6 |     7 ||    13
       Mace              |       |    91 ||    91
Throw: Dart              |     9 |     1 ||    10
       Javelin           |       |     1 ||     1
 Cast: Magic Dart        |    21 |    22 ||    43
  Use: Scroll            |     7 |     1 ||     8
       Potion            |     2 |     1 ||     3
Armor: Robe              |    25 |    92 ||   117
Dodge: Dodged            |    64 |   120 ||   184
